 Dungeon Crawl Stone Soup version 0.24-a0-203-gf0bc1e9 (webtiles) character file.

Game seed: 17510124557993598733

19174 Borgoz the Covert (level 13, -5/79 HPs)
             Began as a Kobold Gladiator on Mar 27, 2019.
             Was a Priest of Ashenzari.
             Shot with a bolt by an orc knight (6 damage)
             ... on level 13 of the Dungeon.
             The game lasted 00:46:55 (14670 turns).

Borgoz the Covert (Kobold Gladiator)               Turns: 14670, Time: 00:46:56

Health: -5/79      AC: 12    Str: 21    XL:     13   Next: 2%
Magic:  24/24      EV: 27    Int:  9    God:    Ashenzari [***...]
Gold:   866        SH:  0    Dex: 17    Spells: 18/26 levels left

rFire    . . .     SeeInvis +   b - +9 triple crossbow "Caygura" {freeze, Str+2}
rCold    . . .     Gourm    .   (shield currently unavailable)
rNeg     . . .     Faith    .   w - +3 troll leather armour {Purgy}
rPois    .         Spirit   .   p - +2 hat {MR+}
rElec    .         Reflect  .   (no cloak)
rCorr    .         Harm     .   e - +1 pair of gloves
MR       +....                  (no boots)
Stlth    ++++......             (no amulet)
HPRegen  0.63/turn              Q - +3 ring of strength
MPRegen  0.19/turn              K - +5 ring of evasion

@: no status effects
A: small, carnivore
a: Curse Item, Scrying, Renounce Religion


You were on level 13 of the Dungeon.
You worshipped Ashenzari.
Ashenzari was most pleased with you.
You were very full.

You visited 2 branches of the dungeon, and saw 14 of its levels.
You also visited: Ossuary.

You collected 866 gold pieces.

Inventory:

Hand Weapons
 a - a +2 short sword of draining
 b - the +9 triple crossbow "Caygura" (weapon) {freeze, Str+2}
   (You took it off a big kobold on level 7 of the Dungeon)

   It causes projectiles fired from it to freeze those they strike, causing
   extra injury to most foes and up to half again as much damage against
   particularly susceptible opponents.
   They can also slow down cold-blooded creatures.
   It affects your strength (+2).
 c - a +3 dagger
 j - a +0 dagger of speed
 m - a +2 dagger of holy wrath
 o - a +2 dagger of venom
 s - a +0 rapier
 x - a +1 dagger of venom
 C - a +0 rapier
 G - a +0 rapier
 T - a +1 short sword of speed
Missiles
 d - a throwing net
 g - 20 tomahawks
 O - 25 bolts (quivered)
Armour
 e - a +1 pair of gloves (worn)
 p - a +2 hat of magic resistance (worn)
 w - a +3 troll leather armour (worn) {Purgy}
Jewellery
 t - an uncursed ring of see invisible
 D - an uncursed amulet of harm
 F - an uncursed ring of positive energy
 J - an uncursed ring of protection from cold
 K - a +5 ring of evasion (right hand)
 Q - a +3 ring of strength (left hand)
 V - an uncursed ring of protection from fire
 X - an uncursed ring of stealth
Wands
 r - a wand of disintegration (28)
 A - a wand of iceblast (7)
 L - a wand of flame (83)
 N - a wand of random effects (68)
 R - a wand of digging (6)
 U - a wand of enslavement (7)
 W - a wand of clouds (1)
Scrolls
 h - 3 scrolls of identify
 i - 2 scrolls of amnesia
 k - 9 scrolls of remove curse
 l - 5 scrolls of teleportation
 n - 5 scrolls of magic mapping
 y - 3 scrolls of fog
 E - 7 scrolls of fear
 H - a scroll of blinking
Potions
 q - 6 potions of lignification
 u - a potion of resistance
 v - 2 potions of flight
 z - a potion of mutation
 B - a potion of brilliance
 I - 2 potions of curing
 M - a potion of might
 S - a potion of magic
Comestibles
 f - 44 rations
 P - 2 chunks of flesh


   Skills:
 + Level 8.6 Fighting
 + Level 10.5 Short Blades
 + Level 3.7 Crossbows
 - Level 7.7 Throwing
 + Level 6.1 Armour
 + Level 9.9 Dodging
 + Level 10.5 Stealth
 + Level 7.4 Spellcasting
 + Level 2.8 Hexes
 - Level 2.0 Air Magic
 - Level 5.0 Evocations


You had 18 spell levels left.
You knew the following spells:

 Your Spells              Type           Power        Failure   Level  Hunger
a - Confuse               Hex            #.......     22%         3    ###....
b - Ensorcelled Hibernat  Hex/Ice        #.....       19%         2    ##.....
c - Mephitic Cloud        Conj/Pois/Air  #.......     45%         3    ###....

Your spell library contained the following spells:

 Spells                   Type           Power        Failure   Level  Hunger
 Corona                   Hex            #......      7%          1    None
 Shock                    Conj/Air       #...         14%         1    None
 Magic Dart               Conj           #...         22%         1    None
 Poisonous Vapours        Pois/Air       #.....       22%         2    ##.....
 Swiftness                Chrm/Air       #.......     22%         2    ##.....
 Tukima's Dance           Hex            #.......     22%         3    ###....
 Searing Ray              Conj           #.....       32%         2    ##.....
 Dazzling Spray           Conj/Hex       #.....       36%         3    ###....
 Static Discharge         Conj/Air       #.......     41%         3    ###....
 Conjure Flame            Conj/Fire      #.......     54%         3    ###....
 Recall                   Summ/Tloc      N/A          54%         3    ###....
 Airstrike                Air            #.........   67%         4    ####...
 Fulminant Prism          Conj/Hex       #.........   77%         4    ####...
 Animate Dead             Necr           N/A          91%         4    ####...
 Force Lance              Conj/Tloc      #.......     91%         4    ####...
 Iskenderun's Mystic Bla  Conj           #.......     91%         4    ####...
 Borgnjor's Vile Clutch   Necr/Erth      #.........   99%         5    ######.
 Lightning Bolt           Conj/Air       #.........   99%         5    ######.
 Death Channel            Necr           #.........   100%        6    #######
 Freezing Cloud           Conj/Ice/Air   #.........   100%        6    #######
 Poison Arrow             Conj/Pois      #.........   100%        6    #######
 Simulacrum               Ice/Necr       #.........   100%        6    #######
 Ring of Flames           Chrm/Fire      #.........   100%        7    #######
 Chain Lightning          Conj/Air       #.........   100%        8    #######
 Lehudib's Crystal Spear  Conj/Erth      #.........   100%        8    #######
 Fire Storm               Conj/Fire      #.........   100%        9    #######
 Glaciate                 Conj/Ice       #.........   100%        9    #######


Dungeon Overview and Level Annotations

Branches:
Dungeon (13/15)            Temple (1/1) D:5            Lair (0/6) D:11
    Orc (0/2) D:11
 Vaults: D:13-14

Altars:
Ashenzari
Cheibriados
Dithmenos
Elyvilon
Fedhas
Gozag
Hepliaklqana
Kikubaaqudgha
Makhleb
Nemelex Xobeh
Okawaru
Qazlal
Ru
Sif Muna
Trog
Uskayaw
Vehumet
Wu Jian
Xom
Yredelemnul
Zin
The Shining One

Shops:
D:4 [   D:8 =

Portals:
Trove: D:11 (give 17 potions of curing)


Innate Abilities, Weirdness & Mutations

You are small and have problems with some larger weapons.
You are carnivorous and can eat meat at any time.


Message History

You kill the killer bee!
The orc knight shoots a bolt.
The bolt misses you.
A killer bee comes into view.
You see here a bolt.
The +9 triple crossbow "Caygura" {freeze, Str+2} is covered in frost.
b - the +9 triple crossbow "Caygura" (weapon)
{freeze, Str+2} Firing (i - inventory. (/) - cycle)
O - 26 bolts (quivered)
Press: ? - help, Shift-Dir - straight line, f/p - orc knight
Aim: an orc knight, wielding a +1 arbalest of freezing and wearing a +0 plate armour (severely wounded)
You shoot a bolt. The killer bee buzzes angrily.
The bolt hits the orc knight.
The bolt freezes the orc knight.
The orc knight is severely wounded.
You hear an angry buzzing noise.
The orc knight shoots a bolt.
The bolt hits you!! The bolt freezes you.
A killer bee comes into view.
The orc knight shoots a bolt.
The bolt hits you!!
* * * LOW HITPOINT WARNING * * *
The bolt freezes you.
You die...

##.########.. , ,,, #.#
#.((# * * * #.# #...# ,
*,, * ##'##
####).###+++###o *
#...## #.≈≈≈≈≈≈≈...≈≈≈≈
, .....##
#.≈≈≈≈≈≈≈...≈≈≈≈
......###..≈≈≈≈≈≈...≈≈≈≈
.......##...≈≈≈≈(....≈≈≈
,
.......').......@..y....
.......####...###..####y
, ......## #........##*
, .....## #.##.###.# , ,
#...## #.##.###.# {*
##'## #.##...#.# ** *
#.# #.####.#.# , * #.#
#(.......# , , ##.###
######.### *


You could see an orc knight and 2 killer bees.

Vanquished Creatures
  Gastronok (D:9)
  A vault guard (D:13)
  5 two-headed ogres
  A tengu warrior (D:9)
  A sea snake (shapeshifter) (D:9)
  An unseen horror (D:12)
  A wizard (D:11)
  A deep elf mage (D:12)
  A manticore (D:13)
  An ice statue (D:7)
  A gargoyle (D:11)
  3 trolls
  2 hornets
  Grinder (D:6)
  2 hippogriffs
  4 yaks (D:12)
  A spriggan (D:9)
  A wraith (D:10)
  2 hungry ghosts
  Menkaure (D:6)
  3 vampire mosquitoes (D:13)
  Edmund (D:5)
  A water moccasin (D:13)
  A black bear (D:9)
  6 orc warriors
  2 ice beasts
  3 sky beasts
  Purgy (D:3)
  An eye of draining (D:10)
  7 ogres
  4 centaurs
  Blork the orc (D:5)
  5 big kobolds
  6 bullfrogs
  6 scorpions
  A wyvern skeleton (D:7)
  20 killer bees
  4 wights (D:8)
  3 bullfrog zombies
  2 howler monkeys
  6 crimson imps
  4 centaur zombies
  A quasit (D:6)
  2 jellies
  4 hounds
  8 orc wizards
  A bullfrog skeleton (D:5)
  3 gnoll shamans (D:10)
  5 orc priests
  Ijyb (D:3)
  A human zombie (Ossuary)
  An iguana (D:8)
  8 worker ants
  3 hound zombies
  A hound skeleton (D:5)
  3 mummies (Ossuary)
  2 worker ant zombies
  Robin (D:4)
  16 gnolls
  A howler monkey skeleton (D:4)
  10 adders
  3 shadow imps
  3 adder zombies
  3 adder skeletons
  2 worms
  2 dart slugs
  12 leopard geckos
  31 orcs
  5 bats
  6 giant cockroaches
  18 goblins
  12 hobgoblins
  13 jackals
  14 kobolds
  4 quokkas
  A ball python (D:3)
  4 frilled lizards
  2 goblin zombies (Ossuary)
  A hobgoblin zombie (Ossuary)
  4 kobold zombies (Ossuary)
  A quokka skeleton (D:7)
  6 quokka zombies (Ossuary)
  13 rats
  2 rat zombies (Ossuary)
354 creatures vanquished.

Vanquished Creatures (others)
  6 fungi (D:10)
  8 plants (D:10)
14 creatures vanquished.

Grand Total: 368 creatures vanquished

Notes
Turn   | Place    | Note
-------+----------+-------------------------------------------
     0 | D:1      | Borgoz the Kobold Gladiator began the quest for the Orb.
     0 | D:1      | Reached XP level 1. HP: 12/12 MP: 1/1
   141 | D:1      | Reached XP level 2. HP: 16/17 MP: 2/2
   289 | D:1      | Reached skill level 1 in Stealth
   356 | D:1      | Reached XP level 3. HP: 18/22 MP: 3/3
   869 | D:2      | Found a shattered altar of Ashenzari.
   869 | D:2      | Found a hazy altar of Hepliaklqana.
   869 | D:2      | Found an ancient bone altar of Kikubaaqudgha.
   869 | D:2      | Found a glowing silver altar of Zin.
   896 | D:2      | Reached skill level 1 in Spellcasting
   969 | D:2      | Became a worshipper of Ashenzari the Shackled
  1041 | D:2      | Reached XP level 4. HP: 15/27 MP: 5/5
  1553 | D:2      | Found a shadowy altar of Dithmenos.
  1724 | D:3      | Noticed Ijyb
  1750 | D:3      | Killed Ijyb
  1750 | D:3      | Reached skill level 1 in Armour
  1750 | D:3      | Reached XP level 5. HP: 14/32 MP: 5/7
  2103 | D:3      | Noticed Purgy
  2111 | D:3      | Killed Purgy
  2111 | D:3      | Reached XP level 6. HP: 37/37 MP: 7/9
  2361 | D:3      | Reached skill level 5 in Short Blades
  2729 | D:4      | Found Wuseluergh's Antique Armour Emporium.
  2816 | D:4      | Reached XP level 7. HP: 41/41 MP: 10/10
  2853 | D:4      | Found a sand-covered staircase.
  2868 | D:4      | Noticed Robin
  2931 | D:4      | Killed Robin
  2987 | D:4      | Reached * piety under Ashenzari
  3016 | Ossuary  | Entered an ossuary
  3068 | Ossuary  | Reached skill level 5 in Dodging
  4055 | D:5      | Entered Level 5 of the Dungeon
  4061 | D:5      | Found a staircase to the Ecumenical Temple.
  4138 | Temple   | Entered the Ecumenical Temple
  4355 | D:5      | Reached XP level 8. HP: 43/48 MP: 12/12
  5022 | D:5      | Noticed Edmund
  5036 | D:5      | Killed Edmund
  5212 | D:5      | Noticed Blork the orc
  5256 | D:5      | Killed Blork the orc
  5256 | D:5      | Reached skill level 5 in Stealth
  5970 | D:6      | Noticed Grinder
  5973 | D:6      | Paralysed by Grinder for 2 turns
  5980 | D:6      | Paralysed by Grinder for 2 turns
  5987 | D:6      | Killed Grinder
  5987 | D:6      | Reached XP level 9. HP: 43/52 MP: 14/14
  6448 | D:6      | Noticed Menkaure
  6479 | D:6      | Killed Menkaure
  6479 | D:6      | Reached skill level 5 in Throwing
  6907 | D:7      | Reached ** piety under Ashenzari
  6937 | D:7      | Reached skill level 5 in Fighting
  7351 | D:7      | Noticed an ice statue
  7359 | D:7      | Noticed a hornet
  7383 | D:7      | Paralysed by a hornet for 2 turns
  7391 | D:7      | Killed a hornet
  7710 | D:8      | Reached XP level 10. HP: 60/60 MP: 15/17
  7802 | D:8      | Found Umaeng's Jewellery Shoppe.
  7924 | D:8      | Found a shimmering altar of Xom.
  9072 | D:9      | Noticed Gastronok
  9157 | D:10     | Entered Level 10 of the Dungeon
  9157 | D:10     | Noticed a two-headed ogre
  9157 | D:10     | Noticed a two-headed ogre
  9181 | D:9      | HP: 3/60 [two-headed ogre/+0 dire flail (12)]
  9225 | D:9      | Killed a two-headed ogre
  9225 | D:9      | Reached skill level 5 in Spellcasting
  9225 | D:9      | Reached skill level 1 in Evocations
  9513 | D:9      | Killed Gastronok
  9513 | D:9      | Reached XP level 11. HP: 66/66 MP: 17/19
  9780 | D:9      | Found a sparkling altar of Nemelex Xobeh.
  9934 | D:7      | Identified the +9 triple crossbow "Caygura" {freeze, Str+2}
  9937 | D:7      | Identified the +8 trident "Orb Guardian's Curse" {flame,
                  | rElec}
 10498 | D:9      | Noticed a tengu warrior
 10522 | D:9      | Killed a tengu warrior
 10522 | D:9      | Reached skill level 5 in Armour
 10638 | D:9      | Noticed a sea snake
 10642 | D:9      | Killed a sea snake
 10815 | D:10     | Noticed a two-headed ogre
 10819 | D:10     | Killed a two-headed ogre
 11036 | D:10     | Reached skill level 5 in Evocations
 11751 | D:10     | Noticed a two-headed ogre
 11775 | D:10     | Killed a two-headed ogre
 11775 | D:10     | Reached XP level 12. HP: 73/73 MP: 21/21
 11986 | D:10     | Killed a two-headed ogre
 11986 | D:10     | Reached skill level 1 in Crossbows
 12358 | D:11     | Found a portal to a secret trove of treasure.
 12382 | D:11     | Learned a level 3 spell: Confuse
 12385 | D:11     | Learned a level 2 spell: Ensorcelled Hibernation
 12389 | D:11     | Learned a level 3 spell: Mephitic Cloud
 12540 | D:11     | Reached *** piety under Ashenzari
 12561 | D:11     | Found a staircase to the Orcish Mines.
 12693 | D:11     | Noticed a wizard
 12712 | D:11     | Killed a wizard
 12727 | D:11     | Reached skill level 1 in Hexes
 12727 | D:11     | Reached skill level 1 in Air Magic
 12873 | D:11     | Reached skill level 10 in Short Blades
 13061 | D:11     | Reached skill level 10 in Stealth
 13140 | D:11     | Found a staircase to the Lair.
 13376 | D:12     | Noticed an unseen horror
 13383 | D:12     | Killed an unseen horror
 14144 | D:13     | Noticed a catoblepas
 14523 | D:13     | Noticed a vault guard
 14524 | D:13     | Noticed a two-headed ogre
 14545 | D:13     | Killed a two-headed ogre
 14586 | D:13     | Killed a vault guard
 14586 | D:13     | Reached XP level 13. HP: 71/79 MP: 24/24
 14670 | D:13     | HP: 1/79 [orc knight/bolt (27)]
 14670 | D:13     | Shot with a bolt by an orc knight

Levels and vault maps discovered:
D:1:      giann_horns, layout_rooms, minmay_quantized
D:2:      layout_rooms, grunt_temple_overflow_open, first_ration,
          grunt_dithmenos_smoke
D:3:      layout_basic, uniq_ijyb, uniq_purgy
D:4:      layout_basic, serial_shops, nicolae_shop_overgrown_old_shop,
          enter_ossuary_1, minmay_misc_feat_encased, uniq_robin
D:5:      layout_cave_pods, minmay_temple_entry_trees, uniq_blork_the_orc,
          uniq_edmund
D:6:      layout_basic, minivault_10, hangedman_decor_growths, uniq_menkaure,
          uniq_grinder
D:7:      lemuel_ice_statue, layout_basic
D:8:      layout_layer_cave, xom_teletrap_fun, serial_shops,
          nicolae_shop_competitors_out_of_business
D:9:      layout_loops_cross, nemelex_xobeh_ov_fountains_minmay, the_bakery,
          evilmike_minifort, uniq_gastronok
D:10:     kennysheep_seaside_town, layout_basic
D:11:     kennysheep_blocky_room, layout_basic, nicolae_trove_entry_free_sample
D:12:     layout_loops_ring
D:13:     layout_loops_corners, grunt_vaults_entry_fortified
Temple:   eino_temple_scatter_basement
Ossuary:  ossuary_minmay_chase

Skill      XL: |  1  2  3  4  5  6  7  8  9 10 11 12 |
---------------+-------------------------------------+-----
Stealth        | 1 2 3 4 5 6 8 9 10 | 10.5
Dodging        | 4 5 6 8 9 |  9.9
Spellcasting   | 1 2 3 4 5 6 7 |  7.4
Armour         | 1 2 3 4 5 6 |  6.1
Fighting       | 3 4 5 6 7 8 |  8.6
Throwing       | 3 4 5 6 7 |  7.7
Short Blades   | 5 6 7 8 9 10 | 10.5
Evocations     | 3 5 |  5.0
Crossbows      | 3 |  3.7
Hexes          | 2 |  2.8
Air Magic      | 2 |  2.0

Action                   |  1- 3 |  4- 6 |  7- 9 | 10-12 | 13-15 || total
-------------------------+-------+-------+-------+-------+-------++-------
Melee: Rapier            |    82 |       |       |       |       ||    82
       Dagger            |    51 |   314 |  1373 |  1006 |       ||  2744
       Short sword       |       |       |       |   108 |    13 ||   121
 Fire: Triple crossbow   |       |       |       |    11 |     4 ||    15
Throw: Throwing net      |       |       |     1 |     3 |       ||     4
Evoke: Wand              |       |     2 |    33 |    25 |       ||    60
  Use: Potion            |     4 |       |    10 |     4 |       ||    18
       Scroll            |       |     2 |     6 |    16 |       ||    24
 Stab: Paralysed         |       |     4 |     4 |     2 |       ||    10
       Sleeping          |       |     6 |    10 |    29 |       ||    45
       Distracted        |       |       |     1 |     4 |       ||     5
       Held in net/web   |       |       |     1 |     4 |       ||     5
       Petrifying        |       |       |       |     1 |       ||     1
       Petrified         |       |       |       |     1 |       ||     1
  Eat: Chunk             |     9 |     6 |    16 |    29 |       ||    60
Armor: Leather armour    |    19 |    22 |       |       |       ||    41
       Skin              |     4 |     6 |       |       |       ||    10
       Troll leather arm |       |    16 |   224 |   145 |       ||   385
Dodge: Dodged            |    95 |   133 |   740 |   791 |    26 ||  1785

Table legend:
 A = Non-vault XP
 B = Vault XP
 C = Vault XP percentage of total XP
 D = Non-vault monster count
 E = Vault monster count
 F = Vault count percentage of total count
                 A         B        C        D         E       F
            +---------+---------+-------+---------+---------+-------
      Total |   17117 |   10275 |  37.5 |     265 |      89 |  25.1
            +---------+---------+-------+---------+---------+-------
        D:1 |      43 |       4 |   8.5 |      24 |       3 |  11.1
        D:2 |      79 |       0 |   0.0 |      18 |       0 |   0.0
        D:3 |     210 |     166 |  44.1 |      28 |       2 |   6.7
        D:4 |     266 |      29 |   9.8 |      16 |       9 |  36.0
        D:5 |     521 |     262 |  33.5 |      27 |       2 |   6.9
        D:6 |     199 |     455 |  69.6 |      13 |       2 |  13.3
        D:7 |    1494 |     475 |  24.1 |      30 |       1 |   3.2
        D:8 |     581 |       0 |   0.0 |      14 |       0 |   0.0
        D:9 |    1649 |    5034 |  75.3 |      14 |      16 |  53.3
       D:10 |    4777 |    1034 |  17.8 |      35 |      23 |  39.7
       D:11 |     944 |    1561 |  62.3 |       8 |       8 |  50.0
       D:12 |    3597 |       0 |   0.0 |      22 |       0 |   0.0
       D:13 |    2757 |    1133 |  29.1 |      16 |       2 |  11.1
    Ossuary |       0 |     122 | 100.0 |       0 |      21 | 100.0
            +---------+---------+-------+---------+---------+-------
